[Event "4NCL 2021-22"]
[Site "England"]
[Date "2022.04.30"]
[Round "7.72"]
[White "Ethelontis, Alexandros N"]
[Black "Pedersen, Carsten"]
[Result "0-1"]
[ECO "A29"]
[WhiteElo "2131"]
[BlackElo "2096"]
[Annotator "TA"]
[PlyCount "68"]
[EventDate "2021.11.27"]
[EventType "team-tourn"]
[EventCountry "ENG"]
[SourceTitle "playchess.com"]
[Source "ChessBase"]
[SourceQuality "1"]
[TimeControl "40/6000+30:3000+30"]

1. Nf3 Nf6 2. c4 Nc6 3. Nc3 e5 4. g3 Bb4 5. Bg2 O-O 6. O-O Bxc3 7. bxc3 d6 8. Rb1 Re8 {[%emt 0:06:06] A29: English Opening: Four Knights Variation with 4 g3.} 9. Ne1 {[%emt 0:08:17] [#]} Na5 $146 ({Predecessor:} 9... Qd7 10. d3 h6 11. Nc2 b6 12. e4 Qg4 13. f3 Qh5 14. Ne3 Ne7 15. g4 Qh4 {1-0 (38) Musialkiewicz,P (2278)-Reza,W (2310) Poronin 2016}) 10. d3 e4 {[%emt 0:27:18] White has an edge.} 11. Qa4 (11. Bg5 $1 $14) 11... b6 $1 $15 12. Bg5 {[%emt 0:03:33] Threatens to win with Bxf6.} Bf5 (12... Bb7 $1 $15) 13. Rd1 h6 14. Bf4 (14. Bxf6 $11 Qxf6 15. Nc2) 14... Qe7 15. Nc2 c5 16. Bxd6 $2 {[%emt 0:09:26][%mdl 8192] This costs White the game.} Qxd6 $19 17. dxe4 Bd7 {[%emt 0:02:14] White must now prevent ...Qxd1.} 18. Qxa5 $2 {[%emt 0:07:42] [#]} (18. Qa3 Qb8 19. Ne3) 18... Qxd1 $1 19. Rxd1 bxa5 20. e5 {[%emt 0:00:13] [#]} Rab8 21. exf6 Ba4 22. Rc1 Rxe2 23. Ne3 Rbb2 24. Rf1 Rxa2 25. Nf5 gxf6 26. Nxh6+ Kf8 27. Bd5 Red2 28. Rb1 (28. Nxf7 $142 Rxd5 29. cxd5 Kxf7 30. Rb1) 28... Rd1+ 29. Rxd1 Bxd1 30. Nxf7 {[%emt 0:00:13] [#]} Bf3 $1 {[%emt 0:03:38][%mdl 512] Black mates.} 31. Bxf3 Kxf7 {[%emt 0:00:04] KR-KB} 32. Bd5+ Kg7 33. h4 a4 34. g4 a3 {[%emt 0:01:34] Weighted Error Value: White=0.98/Black=0.15 (very precise)} 0-1

[Event "4NCL 2021-22"]
[Site "England"]
[Date "2022.04.30"]
[Round "7.73"]
[White "Kosten, Anthony C."]
[Black "Gormally, Daniel W"]
[Result "1/2-1/2"]
[ECO "A29"]
[WhiteElo "2367"]
[BlackElo "2483"]
[Annotator "TA"]
[PlyCount "171"]
[EventDate "2021.11.27"]
[EventType "team-tourn"]
[EventCountry "ENG"]
[SourceTitle "playchess.com"]
[Source "ChessBase"]
[SourceQuality "1"]
[TimeControl "40/6000+30:3000+30"]

1. c4 e5 2. Nc3 Nf6 3. Nf3 Nc6 4. g3 Bb4 5. Bg2 O-O 6. Nd5 Bc5 {[%emt 0:00:07] A29: English Opening: Four Knights Variation with 4 g3.} 7. b4 Nxd5 8. bxc5 {[%emt 0:02:10] [#]} Nf6 $146 {[%emt 0:01:55] The position is equal.} ({Predecessor:} 8... Ndb4 9. d3 Qe7 10. Rb1 e4 11. dxe4 Qxe4 12. Bf4 Qxc4 13. O-O Nxa2 14. Rb2 Nc3 {1-0 (24) Toby,A-Gutsche,K Dieren 1982}) 9. O-O Qe7 10. Ba3 e4 11. Ne1 b6 $1 12. Nc2 (12. d4 $14) 12... bxc5 $11 13. d3 Rb8 14. dxe4 Nxe4 15. Qd3 Re8 16. Ne3 Qe5 17. Bxe4 Qxe4 18. Bxc5 d6 19. Ba3 Qxd3 20. exd3 Nd4 21. Rab1 ({Better is} 21. Rfb1 $15 Bb7 22. Kf1) 21... Bb7 $1 $19 22. Rb2 {[%emt 0:03:14] Inhibits Ne2+.} Nf3+ 23. Kg2 {[%emt 0:03:43][%cal Ob2b7] aiming for Rxb7!} Nd2+ $1 24. Rxb7 (24. Kg1 $142 Nxf1 25. Kxf1) 24... Rxb7 25. Rd1 Nb1 26. Bc1 f6 (26... Nc3 $2 27. Rd2) 27. h4 Re5 28. d4 Ra5 29. Re1 Kf7 (29... Rxa2 30. Nf5 $17) 30. d5 Rb8 (30... Rxa2 31. Nf5 $17) 31. Nf5 {[%emt 0:01:34] Black must now prevent Re7+.} Re8 {[%emt 0:00:05] Against Re7+} (31... Rxa2 32. Re7+ Kf8 33. Rxg7 $16) 32. Be3 Na3 33. Rc1 g6 34. Nd4 Rc5 (34... Ra4 $2 35. c5 $19) 35. Nc2 Ra5 (35... Nxc4 36. Bxc5 dxc5 37. Nb4 $1 $11) (35... Rxc4 36. Nxa3 Rxc1 37. Bxc1 $17) 36. Nd4 Ra4 37. c5 Nc4 38. Bf4 g5 39. hxg5 fxg5 (39... dxc5 40. Nb3 $17) 40. Bxg5 Re5 ({Stronger than} 40... dxc5 41. Ne6 $17) 41. Nf3 (41. cxd6 {keeps fighting.} Rxg5 42. dxc7) 41... Rxd5 42. cxd6 cxd6 43. Rh1 Kg7 ({Wrong is} 43... Rxa2 $2 44. Rxh7+ Kg6 45. Rh6+ Kg7 46. Rh4) 44. Bh6+ Kg6 45. Bf4 h5 46. Re1 Rxa2 47. Re6+ Kf7 48. Rh6 (48. Re4 {only move.} Ne5 49. Bxe5 dxe5 50. g4) 48... Kg7 49. Nh4 Re2 50. Rg6+ Kf7 {[%emt 0:00:07] And now ...Re6 would win.} 51. Bh6 Re6 52. Rg7+ Ke8 53. Ng6 Rf5 54. Rg8+ Kf7 55. Rg7+ Kf6 ({Not} 55... Ke8 $2 56. Rg8+ Kf7 57. Rg7+ Kf6 58. Nh4 $19) 56. Nh4 Ra5 57. Rc7 Re4 58. Bg7+ Ke6 $1 59. Ng6 Ne5 60. Nf4+ {[%emt 0:00:00] [#]} Rxf4 $1 61. gxf4 {[%emt 0:00:00][%mdl 4096] Endgame KRB-KRN} Ng6 $1 62. Bd4 a6 63. Be3 Nh4+ 64. Kh3 (64. Kg3 $142 Nf5+ 65. Kf3) 64... Nf5 $17 65. Rh7 h4 $2 (65... Ra1 $1 $19 {...a5 is the strong threat.} 66. Kg2 h4) 66. Kg4 Ra1 67. Rh8 $1 Rg1+ 68. Kf3 $2 (68. Kh3 $15) 68... a5 $19 69. Re8+ Kf7 70. Ra8 h3 $2 (70... a4 71. Bd2 h3) 71. Rh8 a4 72. Rxh3 {[%emt 0:00:00] [#]} a3 $1 73. Rh7+ {[%emt 0:00:00] [#]} Ng7 $1 74. Bd4 a2 {[%emt 0:00:03] Strongly threatening ...Kg8.} 75. Ke4 (75. Rh6 $142) 75... a1=Q $2 (75... Kg8 $19 76. Rh3 Re1+ 77. Re3 a1=Q 78. Bxa1 Rxa1) 76. Rxg7+ $15 {[%emt 0:00:19] Black is slightly better.} Rxg7 77. Bxa1 {[%emt 0:00:04] KR-KB} Rg1 78. Bd4 Ke6 79. f5+ Kd7 80. f4 Rg4 81. Bh8 Rg8 82. Bd4 Re8+ 83. Kd5 Rb8 84. Ke4 Rb5 85. Bg7 Rb4+ 86. Bd4 {[%emt 0:00:42] Whites escaped into a draw.  Weighted Error Value: White=0.20 (precise) /Black=0.16 (very precise)} 1/2-1/2

[Event "4NCL 2021-22"]
[Site "England"]
[Date "2022.04.30"]
[Round "7.74"]
[White "Ansell, Simon T"]
[Black "Richardson, John R"]
[Result "1/2-1/2"]
[ECO "B12"]
[WhiteElo "2432"]
[BlackElo "2261"]
[Annotator "TA"]
[PlyCount "131"]
[EventDate "2021.11.27"]
[EventType "team-tourn"]
[EventCountry "ENG"]
[SourceTitle "playchess.com"]
[Source "ChessBase"]
[SourceQuality "1"]
[TimeControl "40/6000+30:3000+30"]

1. e4 c6 2. d4 d5 3. e5 Bf5 4. Nf3 e6 5. Be2 c5 6. Be3 Qb6 7. Nc3 Qxb2 8. Nb5 {[%emt 0:02:18] has lost popularity (8.Qb1).} c4 {[%emt 0:00:04] B12: Caro-Kann: Advance Variation.} 9. Nc7+ ({White should play} 9. Rb1 $1 $14 Qxa2 10. Nc7+ Kd8 11. Nxa8 Bxc2 12. Ra1 (12. Rxb7 Bxd1 13. Rxb8+ Kd7 $11) 12... Bb4+ 13. Kf1) 9... Kd7 $15 10. Nxa8 Bxc2 {[%emt 0:00:07] Black is slightly better.} 11. Qc1 Ba3 12. O-O Nc6 13. Qe1 $2 (13. Ne1 $1 $11 Be4 14. Qd1) 13... Nge7 $17 {[%emt 0:12:59] [#]} 14. Bd2 $146 ({Predecessor:} 14. Bc1 Qxa1 15. Bxa3 Qxe1 16. Rxe1 Rxa8 17. Bd1 Bxd1 18. Rxd1 f6 19. exf6 gxf6 20. Kf1 Rg8 21. h3 h5 22. g3 Nf5 23. Ke2 b6 24. Bb2 b5 {0-1 (24) Mossakowski,F (2304)-Hoffmann,L (2223) Germany 2014}) 14... Rxa8 15. Bc3 Qb6 16. Qd2 Be4 17. Ng5 Bg6 18. h4 h5 19. Qd1 (19. Bd1 $142) 19... Bb2 20. Bxb2 Qxb2 21. Bxh5 Qxd4 22. Qxd4 Nxd4 23. Bg4 (23. Bxg6 $142 Nxg6 24. Rfd1) 23... Bd3 $19 24. Rfd1 f6 25. exf6 gxf6 26. Nf3 {[%emt 0:01:09] [#]} Rg8 $1 27. Nxd4 Rxg4 28. Nb3 Bc2 (28... cxb3 29. Rxd3 b2 30. Rb1 $11) 29. Rd4 Rg8 (29... cxb3 $2 30. Rxg4 b2 31. Rf1 $19) 30. Nc5+ Kd6 31. Nxb7+ Kc6 32. Na5+ Kc5 {[%emt 0:02:57][%mdl 1024] Black has strong compensation.} 33. Rd2 Bf5 {[%emt 0:03:08] Hoping for ...Ng6.} 34. Rc1 e5 (34... Ng6 $17 35. Nb3+ Kb4) 35. Rb2 (35. Nb7+ $15 Kc6 36. Na5+ Kb5 37. Nb7) 35... Bd3 (35... Ng6 $19 36. Nb7+ Kd4) 36. Nb7+ Kd4 37. Nd6 (37. h5 $17) 37... Nc6 (37... Ng6 $1 $19 {is more deadly. aiming for ...Nf4.} 38. g3 Nxh4) 38. f3 e4 $2 (38... a6 $1 $17 {White must now prevent ...c3.} 39. Kf2 Rd8) 39. fxe4 $11 dxe4 40. Nf5+ Kc5 41. Rb7 (41. Kf2 $11) 41... Rg4 (41... Nd4 $15 42. Nxd4 Kxd4) 42. Rc7 Kb6 43. Rg7 (43. Rh7 $14 Kc5 44. Ne3) 43... Rf4 $2 (43... Rxg7 $11 44. Nxg7 e3) 44. Ne3 $1 $16 {[%emt 0:00:00] Strongly threatening Nd5+. White is more active.} Kc5 {[%emt 0:00:00] Prevents Nd5.} 45. g3 Rf3 {[%emt 0:00:00] [#]} 46. h5 $1 Rxe3 47. h6 {[%emt 0:00:00] h7 is the strong threat.} Nd4 {[%emt 0:00:00] And now ...Re2 would win.} 48. h7 Ne2+ 49. Kh2 Nxc1 50. h8=Q {[%emt 0:00:00] White wants to mate with Qf8+.} Re2+ 51. Kh3 {[%emt 0:00:00] Rd7 would kill now.} Rf2 52. Qf8+ {[%emt 0:00:00] The board is on fire.} (52. Qb8 $1 $16 Bf1+ 53. Kh4) 52... Kd4 $1 $11 53. Rd7+ Kc3 54. Qa3+ ({Much worse is} 54. Rxa7 Kd2 55. Rc7 Bf1+ 56. Kh4 Nd3 $17) 54... Kc2 55. Qa4+ Kd2 $2 (55... Kc3 $11) 56. Qxc4 $1 $18 ({Not} 56. Qxa7 e3 57. Re7 Bf1+ 58. Kg4 Be2+ 59. Kh3 Bf1+ 60. Kg4 Be2+ 61. Kh3 Bf1+ $11) 56... e3 57. Qb4+ $2 (57. Qc5 $18) 57... Kd1 $16 {[%emt 0:00:16] [#]} 58. Qd4 (58. Re7 $1 $16 {Threatens to win with Qd4.} Bf1+ 59. Kh4 Rh2+ 60. Kg4 Bh3+ 61. Kf3 Rf2+ 62. Kxe3 Re2+ 63. Kf3 Rf2+ 64. Kxf2 Nd3+ 65. Ke3 Nxb4 66. Rxa7) 58... Rd2 $11 59. Qa4+ $2 (59. Qxf6 $11 {and White has nothing to worry.} e2 60. Re7 (60. Qf3 Bf5+ 61. Qxf5 e1=Q $17)) 59... Bc2 $19 60. Qg4+ (60. Rxd2+ exd2 61. Qxa7) 60... e2 61. Re7 {[%emt 0:02:49] [#]} Nd3 $2 ({Better is} 61... f5 $1 $19 62. Qc4 Be4) 62. Qd4 $11 Bb1 63. Qa4+ Bc2 (63... Ke1 $5 ) 64. Qd4 Bb1 65. Qa4+ Bc2 (65... Ke1 $5 ) 66. Qd4 {[%emt 0:02:17] White used his chance.  Weighted Error Value: White=0.42/Black=0.45} 1/2-1/2

[Event "4NCL 2021-22"]
[Site "England"]
[Date "2022.04.30"]
[Round "7.75"]
[White "Baker, Chris W"]
[Black "Bates, Richard A"]
[Result "0-1"]
[ECO "A48"]
[WhiteElo "2258"]
[BlackElo "2444"]
[Annotator "TA"]
[PlyCount "68"]
[EventDate "2021.11.27"]
[EventType "team-tourn"]
[EventCountry "ENG"]
[SourceTitle "playchess.com"]
[Source "ChessBase"]
[SourceQuality "1"]
[TimeControl "40/6000+30:3000+30"]

1. d4 Nf6 2. Nf3 g6 3. c3 Bg7 4. Bf4 O-O 5. Nbd2 d6 6. h3 Nbd7 {[%emt 0:13:15] A48: 1 d4 Nf6 2 Nf3 g6: Torre, London and Colle Systems.} 7. Bh2 {[%emt 0:06:54] [#]} e6 $146 ({Predecessor:} 7... b6 8. e4 e5 9. Bd3 Bb7 10. O-O Nh5 11. Re1 Bh6 12. Nc4 {½-½ (12) Berkes,F (2645)-Vovk,A (2641) Hungary 2017}) 8. Qb3 Qe7 {[%emt 0:01:38] The position is equal.} 9. Qa3 Qe8 10. e3 e5 11. dxe5 dxe5 12. Rd1 Nd5 13. Bc4 (13. Be2 $5 ) 13... N5b6 14. e4 (14. Be2 $14) 14... Nxc4 $17 15. Nxc4 f6 16. O-O Qf7 17. b3 Re8 18. Ne3 Bf8 19. b4 (19. Qb2 $142) 19... Nb6 20. Nd5 (20. Qa5 $17 {might work better.}) 20... Be6 21. Qa5 Nc4 22. Qb5 Nb2 23. Qxb7 Nxd1 24. Rxd1 Bd6 (24... Red8 $19 {Hoping for ...a5.} 25. a4 Rab8 26. Qxa7 Ra8) 25. Qc6 Red8 26. a3 {[%emt 0:00:26] [#]} (26. Bg3 $17) 26... Kg7 ({Better is} 26... a5 $1 $19 27. Bg3 axb4 28. axb4 Kg7) 27. c4 (27. Qa6 $17 {keeps fighting.}) 27... a5 $19 {[%emt 0:01:52] And now ...Bd7 would win.} 28. c5 $2 {[%emt 0:00:39] [#]} (28. Nxf6 Qxf6 29. Bg3) 28... Bd7 $1 {[%emt 0:00:37] Black is clearly winning.} 29. Qb7 {[%emt 0:01:13] [#]} (29. Qxa8 Rxa8) 29... Rdb8 $1 30. Qxa8 Rxa8 31. cxd6 cxd6 32. Nb6 {[%emt 0:00:08] [#]} Qb3 $1 33. Re1 (33. Rf1 Bb5) 33... Ra7 34. bxa5 Be6 {[%emt 0:00:17] Weighted Error Value: White=0.51/Black=0.14 (very precise)} 0-1

[Event "4NCL 2021-22"]
[Site "England"]
[Date "2022.04.30"]
[Round "7.76"]
[White "Duncan, Chris R"]
[Black "Ahluwalia, Amardip"]
[Result "1-0"]
[ECO "A34"]
[WhiteElo "2252"]
[BlackElo "2230"]
[Annotator "TA"]
[PlyCount "97"]
[EventDate "2021.11.27"]
[EventType "team-tourn"]
[EventCountry "ENG"]
[SourceTitle "playchess.com"]
[Source "ChessBase"]
[SourceQuality "1"]
[TimeControl "40/6000+30:3000+30"]

1. Nf3 Nf6 2. c4 c5 3. Nc3 d5 4. cxd5 Nxd5 5. e3 Nc6 6. Bc4 {[%emt 0:00:00] A34: Symmetrical English: 2 Nc3, lines with ...d5.} Nxc3 7. dxc3 {[%emt 0:00:50] [#]} Qxd1+ $146 ({Predecessor:} 7... Qc7 8. e4 e6 9. O-O Bd6 10. Qe2 O-O 11. Re1 Ne5 12. Nxe5 Bxe5 13. g3 {½-½ (13) Matsenko,S (2533)-Xiong,J (2650) Irving 2018}) 8. Kxd1 {[%emt 0:00:03] The position is equal.} Bg4 9. e4 O-O-O+ 10. Kc2 Bxf3 11. gxf3 Ne5 12. Be2 e6 13. Be3 Be7 14. Rhg1 Rhg8 15. h4 g6 16. a4 Nd7 17. Bg5 Rge8 18. a5 Bxg5 19. hxg5 Nf8 (19... f6 $11) 20. Bc4 Re7 21. Rad1 (21. a6 $16) 21... Rxd1 22. Rxd1 $14 {[%emt 0:00:07][%mdl 4096] Endgame KRB-KRN} Rd7 23. Rh1 Kc7 (23... e5 $14) 24. Bb5 $16 Rd8 25. f4 Kc8 26. Rh3 {[%emt 0:03:58] White is more active.} Kc7 27. e5 Kc8 28. Rd3 Nd7 $2 {[%emt 0:08:25] [#] A mistake that costs the game.} (28... a6 $16 {was worth a try.} 29. Ba4 Nd7) 29. Kb3 $1 $18 {[%emt 0:01:58] Threatens to win with Kc4.} a6 30. Bxd7+ Rxd7 {[%emt 0:00:04] KR-KR} 31. Rh3 Kd8 (31... Kc7 $142 32. Rxh7 Kc6) 32. Rxh7 Ke7 {[%emt 0:00:07] [#]} 33. Rh8 $1 Rc7 34. Kc4 Kd7 35. Rh1 Ke7 36. Rd1 Ke8 37. Rd6 Ke7 38. b3 Ke8 39. Rd3 {[%emt 0:03:55] And now Rh3 would win.} Ke7 $2 (39... Kf8 {is more resistant.} 40. Rd8+ Ke7) 40. Rh3 Ke8 41. Rh7 {[%emt 0:50:12][%cal Of4f5] aiming for f5!} Ke7 42. Rh2 Ke8 43. Rh1 Ke7 44. Rh7 Ke8 $2 (44... Rc8 45. Rh3 Kd7) 45. f5 {[%emt 0:00:30] White is clearly winning.} exf5 46. e6 Rc6 47. exf7+ Ke7 48. f8=Q+ Kxf8 49. Rxb7 {[%emt 0:00:00] Weighted Error Value: White=0.12 (very precise) /Black=0.43} 1-0

[Event "4NCL 2021-22"]
[Site "England"]
[Date "2022.04.30"]
[Round "7.77"]
[White "Snape, Ian L"]
[Black "Webb, Laurence E"]
[Result "1/2-1/2"]
[ECO "E91"]
[WhiteElo "2201"]
[BlackElo "2256"]
[Annotator "TA"]
[PlyCount "93"]
[EventDate "2021.11.27"]
[EventType "team-tourn"]
[EventCountry "ENG"]
[SourceTitle "playchess.com"]
[Source "ChessBase"]
[SourceQuality "1"]
[TimeControl "40/6000+30:3000+30"]

1. Nf3 Nf6 2. c4 g6 3. Nc3 Bg7 4. e4 d6 5. d4 O-O 6. Be2 c5 7. O-O Nc6 {[%emt 0:00:40] Recently 7...Re8 got a lot of attention.} 8. d5 Na5 9. Rb1 Bd7 {[%emt 0:05:59] E91: King's Indian: Classical: 6 Be2, unusual replies including 6...c5 and 6...Bg4.} 10. a3 {[%emt 0:00:00] [#] Strongly threatening b4.} b6 $146 ({Predecessor:} 10... Rc8 11. h3 b6 12. Bf4 h6 13. Bh2 Kh7 14. Qc2 a6 15. Rbd1 b5 16. cxb5 axb5 17. Bxb5 Bxb5 18. Nxb5 {1-0 (48) Hvenekilde,J (2231)-Jorgensen,A (2049) Copenhagen 2007}) 11. Nd2 a6 {[%emt 0:02:23] White is slightly better.} 12. f4 Rb8 13. a4 {[%emt 0:14:12] Against b5} (13. e5 $16 Ne8 14. b4) 13... Ne8 14. Qc2 Nc7 15. b3 b5 16. axb5 (16. Bb2 {looks sharper.} e6 17. cxb5 axb5 18. dxe6 fxe6 19. axb5 d5 20. Na4) 16... axb5 17. cxb5 (17. Bb2 $14) 17... Nxb5 $15 18. Nxb5 Bxb5 19. Bxb5 Rxb5 20. Bb2 ({Better is} 20. Kh1 $15) 20... Bxb2 $17 21. Rxb2 Qb6 22. Kh1 Rb8 23. e5 {[%emt 0:02:58] [#]} ({White should play} 23. f5) 23... c4 ({Weaker is} 23... Nxb3 24. Rfb1 Nd4 25. Rxb5 Nxb5 26. Qd3 $11) (23... Rb4 $1 $17 {Threatens to win with ...c4.} 24. exd6 Qxd6) 24. Nxc4 $11 Nxc4 25. Qxc4 Rxb3 26. Rxb3 Qxb3 {[%emt 0:00:07][%mdl 4096] Endgame KQR-KQR} 27. Qc7 Qb1 28. Rc1 {[%emt 0:02:33] [#] The position is equal.} Rb7 $1 29. Qc8+ ({Reject} 29. exd6 Rxc7 30. Rxb1 exd6 $15) 29... Kg7 30. exd6 (30. e6 {is interesting.} Rb8 31. Qc3+ Kg8 32. h3) 30... exd6 31. Qc3+ $1 f6 32. Qc6 Qb4 33. h3 Re7 34. Rf1 h5 35. Qc2 Qe4 36. Qc6 Qd3 37. Kg1 Qg3 {[%emt 0:03:27] ( -> ...Re2)} 38. Qc4 {[%emt 0:02:40] Against Re2} Qe3+ 39. Kh1 Qe2 40. Qc1 h4 41. Qa1 Qd3 42. Re1 Rb7 43. Qa8 Rb1 44. Qe8 Rxe1+ 45. Qxe1 Qxd5 46. Qe7+ Qf7 47. Qxd6 {[%emt 0:00:13] Weighted Error Value: White=0.15 (very precise) /Black=0.15 (very precise)} 1/2-1/2

[Event "4NCL 2021-22"]
[Site "England"]
[Date "2022.04.30"]
[Round "7.78"]
[White "Ledger, Dave J"]
[Black "Swindells, Jonathan E"]
[Result "1-0"]
[ECO "C54"]
[WhiteElo "2148"]
[BlackElo "2237"]
[Annotator "TA"]
[PlyCount "41"]
[EventDate "2021.11.27"]
[EventType "team-tourn"]
[EventCountry "ENG"]
[SourceTitle "playchess.com"]
[Source "ChessBase"]
[SourceQuality "1"]
[TimeControl "40/6000+30:3000+30"]

1. e4 e5 2. Nf3 Nc6 3. Bc4 Bc5 4. c3 Nf6 5. d4 exd4 6. e5 d5 7. Bb5 Ne4 8. cxd4 Bb4+ 9. Bd2 Bxd2+ 10. Nbxd2 O-O 11. O-O Bd7 12. Bd3 Nxd2 13. Qxd2 Bg4 {[%emt 0:06:58] [#] C54: Giuoco Piano: 4 c3 Nf6, main lines with 5 d4 and 5 d3.} (13... f6 $14) 14. Ng5 $1 $16 h6 15. Nh7 {[%emt 0:09:18] White is much more active. The black rooks are badly placed.} Re8 {[%emt 0:02:25] White is clearly better.} 16. Qf4 {[%emt 0:18:32] [#]} Bd7 $146 ({Predecessor:} 16... Be6 17. Rae1 Nb4 18. Bb1 Nxa2 19. Re3 Bd7 20. Nf6+ gxf6 21. Rg3+ Kf8 22. Qxh6+ Ke7 23. Qxf6+ Kf8 24. Qg7+ Ke7 25. f4 Rg8 26. Qf6+ Kf8 27. Rxg8+ Kxg8 {0-1 (27) Dixon Quiroz,L (1304)-Afonso,P (1542) Playchess.com INT 2020}) 17. Nf6+ gxf6 $2 (17... Kh8 18. Nxe8 Qxe8) 18. exf6 $18 {[%emt 0:01:32] [#] Qg3+ would kill now.} Re4 19. Bxe4 {[%emt 0:01:05] Intending Qg3+ and mate.} dxe4 20. Qg3+ Kf8 21. Qg7+ {[%emt 0:01:10] Black got outplayed after the opening.  Weighted Error Value: White=0.05 (flawless) /Black=1.56} 1-0

[Event "4NCL 2021-22"]
[Site "England"]
[Date "2022.04.30"]
[Round "7.79"]
[White "Duggan, John E"]
[Black "Ledger, Stephen C"]
[Result "1-0"]
[ECO "A43"]
[WhiteElo "2085"]
[BlackElo "2171"]
[Annotator "TA"]
[PlyCount "121"]
[EventDate "2021.11.27"]
[EventType "team-tourn"]
[EventCountry "ENG"]
[SourceTitle "playchess.com"]
[Source "ChessBase"]
[SourceQuality "1"]
[TimeControl "40/6000+30:3000+30"]

1. d4 Nf6 2. Nf3 c5 3. d5 b5 4. Bg5 d6 5. Bxf6 exf6 6. e4 a6 7. a4 b4 8. Nbd2 g6 9. Bd3 Bg7 10. Nc4 a5 11. O-O O-O 12. Nfd2 {[%emt 0:04:58] A43: Schmid Benoni.} Bb7 13. Qf3 {[%emt 0:30:46] Against f5. White is more active.} ({White should try} 13. g4 $16) 13... Nd7 $11 14. Qg3 {[%emt 0:00:00] White has an edge.} ({But not} 14. Nxd6 $2 Ne5 $1 15. Qg3 Qxd6 $19) 14... Ne5 15. f4 Nxc4 16. Bxc4 f5 {[%emt 0:04:25] [#]} 17. c3 $146 ({Predecessor:} 17. exf5 Bxb2 18. Rab1 Bd4+ 19. Kh1 Qd7 20. Ne4 Ba6 21. Bxa6 Rxa6 22. Qd3 Ra7 23. g4 gxf5 {0-1 (31) Sarighioleanu,S (1902)-Mihai,C (1997) Mamaia 2021}) 17... Qd7 18. Qd3 Bc8 19. Rfe1 fxe4 20. Nxe4 Qd8 21. Re3 Bf5 22. Bb5 Ra7 23. Rae1 Re7 24. Qd2 (24. g3 {feels hotter.} h5 25. Kg2 h4 26. R3e2) 24... Bxe4 25. Rxe4 Rxe4 26. Rxe4 Qf6 27. cxb4 axb4 28. b3 Qa1+ (28... Qf5 $15 29. Qd3 Bd4+ 30. Rxd4 cxd4 31. Qxf5 gxf5) 29. Re1 Bd4+ 30. Kf1 Qc3 (30... Qa3 $1 $11 {keeps the balance.} 31. Qd1 Qb2) 31. Qxc3 $16 bxc3 {[%emt 0:00:12][%mdl 4096] Endgame KRB-KRB} 32. Ke2 Ra8 33. Kd3 Bf6 {[%emt 0:00:30] White leaves nothing to chance now.} (33... Ra7 $14) 34. Re8+ Rxe8 35. Bxe8 {[%emt 0:00:01] KB-KB} Kf8 {[%emt 0:00:59] [#]} 36. Bc6 c2 (36... c4+ $16 {was necessary.} 37. bxc4 Bd8 38. Kxc3 Ba5+ 39. Kd3 f5) 37. Kxc2 $18 {[%emt 0:00:03] Strongly threatening Kd3.} Bd8 $2 (37... c4 38. b4 (38. bxc4 Bd8 $16) 38... Ke7) 38. Kd3 Ke7 39. Kc4 {[%emt 0:00:04] And now Kb5 would win.} Bc7 40. Kb5 {[%emt 0:00:14] a5 is the strong threat.} Kd8 41. Bb7 Kd7 42. a5 Bb8 $2 (42... f6 43. Bc6+ Kc8) 43. g4 Kc7 (43... g5 $142 44. fxg5 c4 45. Bc6+ Kc8 46. bxc4 Ba7) 44. Bc6 f6 45. g5 fxg5 46. fxg5 Ba7 47. Be8 c4 48. Kxc4 {[%emt 0:00:00] Threatening mate with Bc6.} Be3 49. b4 Bxg5 50. b5 Kb7 51. Kb4 Bd2+ 52. Ka4 {[%emt 0:00:00] Intending b6 and mate.} g5 53. b6 {[%emt 0:00:00] White mates.} Ka6 54. Bb5+ Kb7 55. Be2 Bf4 56. h3 Be3 57. Kb5 h6 58. a6+ Kb8 59. Kc6 Bc5 60. a7+ Ka8 61. Ba6 {[%emt 0:00:00] Weighted Error Value: White=0.12 (very precise) /Black=0.55} 1-0

[Event "4NCL 2021-22"]
[Site "England"]
[Date "2022.04.30"]
[Round "7.80"]
[White "Varney, Zoe"]
[Black "Wafa, Shrook"]
[Result "0-1"]
[ECO "B07"]
[WhiteElo "2041"]
[BlackElo "2131"]
[Annotator "TA"]
[PlyCount "64"]
[EventDate "2021.11.27"]
[EventType "team-tourn"]
[EventCountry "ENG"]
[SourceTitle "playchess.com"]
[Source "ChessBase"]
[SourceQuality "1"]
[TimeControl "40/6000+30:3000+30"]

1. e4 c5 2. c3 g6 3. d4 cxd4 4. cxd4 Bg7 5. Nc3 d6 6. h3 Nf6 7. Nf3 O-O 8. Bd3 a6 9. O-O Nc6 10. Be3 {[%emt 0:15:20] B07: Pirc Defence: Miscellaneous Systems.} b5 11. e5 {[%emt 0:09:36] [#]} (11. Qd2 $14 {feels stronger.}) 11... dxe5 $146 ({Predecessor:} 11... Ne8 12. Be4 Bb7 13. Rc1 Na5 14. Bxb7 Nxb7 15. b4 d5 16. Qd2 Nc7 17. a3 Qd7 {½-½ (46) Tuominen,T (2165)-Gamback,B (2197) Finland 2004}) 12. dxe5 {[%emt 0:04:53] The position is equal.} Nd5 13. Be4 Nxe3 14. Qxd8 Rxd8 15. fxe3 Bd7 16. Ng5 (16. Nd4 $11 Rac8 17. Nd5) 16... Nxe5 (16... b4 $15 17. e6 fxe6) 17. Bxa8 $14 Rxa8 18. Nd5 Re8 19. Rac1 (19. b3 $14) 19... h6 20. Nf3 Nxf3+ 21. Rxf3 Bxb2 22. Rc7 Be6 23. Nxe7+ (23. e4 $11) 23... Kg7 $17 24. Nc6 {[%emt 0:01:00] Prevents Be5.} Bf6 ({Black should try} 24... Ba3 $1 $15) 25. Nb4 (25. e4 $1 $11 {keeps the balance.}) 25... a5 26. Nc6 Bxa2 (26... a4 $19 27. a3 Bd5 28. Rxf6 Kxf6) 27. Nxa5 Bd5 28. Rf1 Rxe3 {[%emt 0:00:36] Hoping for ...Bd4.} 29. Rc5 {[%emt 0:00:36] Now White is beyond hope.} (29. Rd1 $17 {might work better.} Re5 30. Rc5) 29... Be4 $19 {[%emt 0:00:52] aiming for ...Bd4. This bishop pair is nice.} 30. Rf2 $2 {[%emt 0:00:45] [#]} (30. Nc6 $19) 30... Re1+ {[%emt 0:00:26] Black mates.} 31. Kh2 Bd4 32. Rcc2 Be5+ {[%emt 0:00:17] Weighted Error Value: White=0.69/Black=0.20 (precise)} 0-1